 Dungeon Crawl Stone Soup version 0.18.1-47-g9310371 (webtiles) character file.

18991 thrashmonkey the Basher (level 12, -9/112 HPs)
             Began as a Minotaur Fighter on June 19, 2016.
             Was a High Priest of Okawaru.
             Engulfed by an ice statue's freezing vapour (17 damage)
             ... in an ice cave.
             The game lasted 00:44:58 (13493 turns).

thrashmonkey the Basher (Minotaur Fighter)         Turns: 13493, Time: 00:44:59

Health: -9/112     AC: 26    Str: 26    XL:     12   Next: 32%
Magic:  13/13      EV:  9    Int:  5    God:    Okawaru [*****.]
Gold:   683        SH: 13    Dex: 15    Spells: 0 memorised, 11 levels left

rFire  + . .     SeeInvis .     U - +3 morningstar (protect)
rCold  . . .     Gourm    +     j - +0 plate armour "Olopopso" {*Confuse rF+ rN+ Stlth+} (curse)
rNeg   + . .     Faith    .     c - +0 shield
rPois  .         Spirit   .     (helmet restricted)
rElec  .         Dismiss  .     i - +1 cloak
rCorr  .         Reflect  .     s - +0 pair of gloves of Grace {MR+ Stlth+}
SustAt .         Harm     .     J - +0 pair of boots
MR     +....                    F - amulet of the gourmand
Stlth  ..........               D - +5 ring of dexterity
                                w - ring of stealth

@: somewhat resistant to hostile enchantments, extremely unstealthy
A: retaliatory headbutt, horns 2
a: Heroism, Finesse, Renounce Religion


You were in an ice cave.
You worshipped Okawaru.
Okawaru was extremely pleased with you.
You were full.

You visited 3 branches of the dungeon, and saw 13 of its levels.
You also visited: Ice Cave.

You collected 683 gold pieces.

Inventory:

Hand Weapons
 a - a +1 whip of electrocution
 M - a +1 flail of draining
 U - a +3 morningstar of protection (weapon)
Armour
 c - a +0 shield (worn)
 i - a +1 cloak (worn)
 j - the cursed +0 plate armour "Olopopso" (worn) {*Confuse rF+ rN+ Stlth+}
   (You found it in an ice cave)

   It protects you from fire.
   It protects you from negative energy.
   It may confuse you when you take damage.
   It makes you more stealthy.
   It has a curse placed upon it.
 s - the +0 pair of gloves of Grace (worn) {MR+ Stlth+}
   (Okawaru gifted it to you on level 10 of the Dungeon)

   It affects your resistance to hostile enchantments.
   It makes you more stealthy.
 J - a +0 pair of boots (worn)
 S - a +0 plate armour
Jewellery
 p - an uncursed ring of flight
 w - a ring of stealth (left hand)
 D - a +5 ring of dexterity (right hand)
 F - an amulet of the gourmand (around neck)
Wands
 A - a wand of slowing (21/48)
 L - a wand of polymorph (10/24)
 N - a wand of disintegration (0/24)
Scrolls
 b - a scroll of magic mapping
 e - 12 scrolls of teleportation
 g - 5 scrolls of remove curse
 h - 6 scrolls of identify
 l - 4 scrolls of enchant armour
 r - a scroll of blinking {unknown}
 v - a scroll of amnesia {unknown}
 y - a scroll of immolation {unknown}
 B - a scroll of enchant weapon {unknown}
 E - a scroll of torment {unknown}
 I - a scroll of noise {unknown}
 O - a scroll of recharging {unknown}
 P - a scroll of fog {unknown}
Potions
 d - 3 potions of might
 o - 3 potions of flight
 q - 2 potions of ambrosia {unknown}
 t - 4 potions of curing
 x - a potion of lignification {unknown}
 C - a potion of cure mutation {unknown}
 G - 3 potions of agility
 H - a potion of berserk rage {unknown}
Comestibles
 f - 12 bread rations
 m - 7 meat rations
 n - 8 beef jerkies
 K - 9 royal jellies
 R - a slice of pizza


   Skills:
 + Level 12.1 Fighting
 + Level 12.4 Maces & Flails
 + Level 12.3 Armour
 - Level 3.1 Dodging
 + Level 12.2 Shields
 - Level 3.0 Invocations


You had 11 spell levels left.
You didn't know any spells.

Dungeon Overview and Level Annotations

Branches:
Dungeon (11/15)            Temple (1/1) D:6            Lair (0/8) D:10
    Orc (1/2) D:10

Altars:
Ashenzari
Cheibriados
Dithmenos
Elyvilon
Fedhas
Gozag
Kikubaaqudgha
Makhleb
Nemelex Xobeh
Okawaru
Pakellas
Qazlal
Ru
Sif Muna
Trog
Vehumet
Xom
Yredelemnul
Zin
The Shining One

Shops:
D:8 }   D:9 (   Orc:1 *

Annotations:
D:11 Sonja IceCv exclusion: 3 ice statues


Innate Abilities, Weirdness & Mutations

You reflexively headbutt those who attack you in melee.
You have a pair of horns on your head.


Message History

Keep equipping yourself?
You start putting on your armour.
You continue putting on your blackened plate armour.
The ice statue glitters chillingly in the dim dungeon light.
You continue putting on your blackened plate armour. x3
The ice statue gestures at you.
You finish putting on the cursed +0 plate armour "Olopopso" {*Confuse rF+ rN+ Stlth+}.
Oops, that feels deathly cold.
Read which item? (? for menu, Esc to quit)
Okay, then.
Evoke which item? (* to show all) (? for menu, Esc to quit)
Okay, then.
Unknown command.
The ice statue gestures at you. The ice statue gestures at you.
You are engulfed in freezing vapours.
* * * LOW HITPOINT WARNING * * *
Drink which item? (? for menu, Esc to quit)
You feel better.
You are engulfed in freezing vapours.
You die...

###########
#@§§§...$=#
#§§.§§...[#
#§§§§.....#
#.§§§§....#
#.§.§.....#
##.......##
##.....##
###8###
##.....##


You could see an ice statue.

Vanquished Creatures
  The ghost of l3on the Nimble, a journeyman HuBe of Trog (D:11)
  Erolcha (D:11)
  Josephine (D:10)
  A queen ant (D:10)
  Pikel (D:8)
  An ugly thing (D:11)
  An orc sorcerer (Orc:1)
  A cyclops (D:11)
  Maurice (D:8)
  Joseph (D:8)
  A gargoyle (D:11)
  A queen bee (D:9)
  2 trolls (D:10)
  A two-headed ogre (D:10)
  Prince Ribbit (D:6)
  A hornet zombie (D:11)
  4 wraiths
  9 yaks
  A shadow (D:11)
  20 soldier ants (D:10)
  2 hell hounds (D:10)
  A mottled dragon (D:9)
  A water moccasin (D:8)
  A black bear (D:10)
  A swamp drake (D:11)
  A sky beast (D:10)
  5 orc warriors
  8 ice beasts
  A wasp (D:9)
  5 ogres
  A phantom (D:9)
  A necrophage (D:8)
  8 centaurs
  Blork the orc (D:4)
  A big kobold (D:7)
  7 giant frogs
  2 scorpions
  26 killer bees
  10 wights
  9 howler monkeys
  4 crimson imps
  A centaur zombie (D:8)
  A giant frog zombie (D:11)
  3 quasits
  9 hounds
  5 jellies
  3 orc wizards
  3 giant frog skeletons
  6 orc priests
  Crazy Yiuf (D:2)
  A centaur skeleton (D:11)
  2 iguanas
  Jessica (D:3)
  Natasha (thrice) (D:3)
  25 worker ants
  A hound zombie (D:8)
  A worker ant zombie (D:9)
  Robin (D:2)
  9 gnolls
  19 adders
  2 shadow imps
  12 white imps (Orc:1)
  2 oozes
  An adder zombie (D:8)
  4 worms
  4 dart slugs
  3 giant geckos
  32 orcs
  7 bats
  2 giant cockroaches
  7 hobgoblins
  10 jackals
  A quokka (D:10)
  2 ball pythons
  A ball python skeleton (D:4)
  A ball python zombie (D:5)
  7 giant newts
  19 goblins
  14 kobolds
  7 rats
  A spectral orc (D:5)
381 creatures vanquished.

Vanquished Creatures (others)
  A quasit (D:8)
  A hound (D:8)
2 creatures vanquished.

Grand Total: 383 creatures vanquished

Notes
Turn   | Place    | Note
--------------------------------------------------------------
     0 | D:1      | thrashmonkey the Minotaur Fighter began the quest for the Orb.
     0 | D:1      | Reached XP level 1. HP: 19/19 MP: 0/0
   156 | D:1      | Reached XP level 2. HP: 26/26 MP: 1/1
   731 | D:2      | Found a shimmering altar of Xom.
   784 | D:2      | Reached XP level 3. HP: 17/33 MP: 2/2
  1081 | D:2      | Noticed Crazy Yiuf
  1548 | D:2      | Reached XP level 4. HP: 28/40 MP: 3/3
  2018 | D:2      | Killed Crazy Yiuf
  2207 | D:3      | Noticed Robin
  2215 | D:3      | Noticed Natasha
  2232 | D:2      | Reached skill level 1 in Dodging
  2325 | D:2      | Reached XP level 5. HP: 37/47 MP: 4/4
  2480 | D:3      | Killed Natasha
  2498 | D:2      | Killed Robin
  2659 | D:3      | Noticed Natasha
  2664 | D:3      | Killed Natasha
  2756 | D:3      | Noticed Natasha
  2765 | D:3      | Killed Natasha
  2855 | D:3      | Noticed Jessica
  2865 | D:3      | Killed Jessica
  2865 | D:3      | Reached XP level 6. HP: 55/55 MP: 5/5
  2888 | D:2      | Reached skill level 5 in Armour
  2947 | D:3      | Reached skill level 5 in Fighting
  2947 | D:3      | Reached skill level 5 in Maces & Flails
  3223 | D:3      | Reached skill level 5 in Shields
  3350 | D:3      | Found a glowing golden altar of the Shining One.
  3355 | D:3      | Found a snail-covered altar of Cheibriados.
  3357 | D:3      | Found an oddly glowing altar of Pakellas.
  3358 | D:3      | Found a bloodstained altar of Trog.
  3359 | D:3      | Found a glowing silver altar of Zin.
  3359 | D:3      | Found a burning altar of Makhleb.
  3393 | D:3      | Found an iron altar of Okawaru.
  3404 | D:3      | Became a worshipper of Warmaster Okawaru
  3714 | D:4      | Noticed an orc warrior
  3718 | D:4      | Reached XP level 7. HP: 52/61 MP: 6/6
  3727 | D:4      | Reached skill level 1 in Invocations
  4336 | D:4      | Noticed Blork the orc
  4351 | D:4      | Killed Blork the orc
  4453 | D:4      | Reached * piety under Okawaru
  4476 | D:3      | Reached XP level 8. HP: 44/70 MP: 8/8
  4558 | D:5      | Entered Level 5 of the Dungeon
  4749 | D:5      | Found a sparkling altar of Nemelex Xobeh.
  4939 | D:5      | Found a basalt altar of Yredelemnul.
  5384 | D:6      | Found a staircase to the Ecumenical Temple.
  5387 | D:6      | Noticed Prince Ribbit
  5608 | D:6      | Killed Prince Ribbit
  5608 | D:6      | Reached ** piety under Okawaru
  6009 | D:7      | Reached XP level 9. HP: 64/79 MP: 10/10
  6340 | Temple   | Entered the Ecumenical Temple
  6719 | D:7      | Found a blossoming altar of Fedhas.
  6851 | D:8      | Noticed Pikel
  6870 | D:8      | Killed Pikel
  6870 | D:8      | Reached *** piety under Okawaru
  6967 | D:8      | Noticed Joseph
  7050 | D:8      | Killed Joseph
  7073 | D:8      | Noticed Maurice
  7234 | D:8      | Killed Maurice
  7234 | D:8      | Reached **** piety under Okawaru
  7332 | D:8      | Found Duamoh's Gadget Shoppe.
  7776 | D:9      | Reached XP level 10. HP: 89/89 MP: 11/11
  7796 | D:9      | Found an ancient bone altar of Kikubaaqudgha.
  7958 | D:9      | Received a gift from Okawaru
  7998 | D:9      | Found Ijiarocw's Weapon Shoppe.
  8366 | D:9      | Reached ***** piety under Okawaru
  8366 | D:9      | Reached skill level 10 in Maces & Flails
  8366 | D:9      | Reached skill level 10 in Armour
  8726 | D:9      | Received a gift from Okawaru
  8790 | D:10     | Entered Level 10 of the Dungeon
  8791 | D:10     | Found a staircase to the Lair.
  8806 | D:10     | Reached skill level 10 in Fighting
  8814 | D:9      | Reached skill level 10 in Shields
  9329 | D:10     | Received a gift from Okawaru
  9340 | D:10     | Reached XP level 11. HP: 98/99 MP: 12/12
  9342 | D:10     | Got a pair of scorched gloves {god gift}
  9348 | D:10     | Identified the +0 pair of gloves of Grace {MR+ Stlth+} (Okawaru gifted it to you on level 10 of the Dungeon)
 10168 | D:10     | Noticed a queen ant
 10187 | D:10     | Killed a queen ant
 10631 | D:10     | Found a staircase to the Orcish Mines.
 11087 | D:11     | Noticed Sonja
 11089 | D:11     | Noticed Josephine
 11112 | D:10     | Killed Josephine
 11512 | D:11     | Noticed a brown ugly thing
 11524 | D:11     | Killed a brown ugly thing
 12028 | D:11     | Noticed Erolcha
 12042 | D:11     | Killed Erolcha
 12042 | D:11     | Reached XP level 12. HP: 57/110 MP: 13/13
 12377 | D:11     | Noticed l3on's ghost (journeyman HuBe)
 12726 | D:11     | Killed l3on's ghost
 13073 | Orc:1    | Entered Level 1 of the Orcish Mines
 13087 | Orc:1    | Noticed an orc warlord
 13147 | Orc:1    | Found Itaguiph's Assorted Antiques.
 13151 | Orc:1    | Received a gift from Okawaru
 13197 | Orc:1    | Found a frozen archway.
 13215 | IceCv    | Entered an ice cave
 13454 | IceCv    | HP: 3/111 [ice statue/freezing blast (18)]
 13464 | IceCv    | Got a blackened plate armour
 13487 | IceCv    | Identified the cursed +0 plate armour "Olopopso" {*Confuse rF+ rN+ Stlth+} (You found it in an ice cave)
 13492 | IceCv    | HP: 1/112 [ice statue] (23)]
 13493 | IceCv    | Engulfed by an ice statue's freezing vapour

Skill      XL: |  1  2  3  4  5  6  7  8  9 10 11 12 |
---------------+-------------------------------------+-----
Armour         | 4 5 6 7 8 10 11 12 | 12.3
Maces & Flails | 3 4 5 6 7 8 10 12 | 12.4
Fighting       | 4 5 6 7 8 10 11 12 | 12.1
Shields        | 4 5 7 8 10 11 12 | 12.2
Dodging        | 1 2 3 |  3.1
Invocations    | 2 3 |  3.0

Action                   |  1- 3 |  4- 6 |  7- 9 | 10-12 || total
-------------------------+-------+-------+-------+-------++-------
Melee: Flail             |   103 |   201 |   261 |       ||   565
       Headbutt          |    14 |    26 |    54 |   217 ||   311
       Whip              |       |       |    61 |   713 ||   774
       Morningstar       |       |       |       |    60 ||    60
Invok: Heroism           |       |       |     1 |     4 ||     5
Evoke: Wand              |       |       |     1 |    13 ||    14
  Use: Potion            |     2 |     1 |     1 |     5 ||     9
       Scroll            |       |       |     4 |     8 ||    12
  Eat: Chunk             |     2 |     7 |    20 |    24 ||    53
Armor: Scale mail        |    44 |   100 |     3 |       ||   147
       Chain mail        |       |       |   145 |   197 ||   342
       Plate armour      |       |       |       |    11 ||    11
Dodge: Dodged            |    25 |    65 |   105 |   159 ||   354
Block: Shield            |    53 |   137 |   166 |   383 ||   739
